 Dungeon Crawl Stone Soup version 0.31-a0-339-gda1cbd555d (webtiles) character file.

Game seed: 12362220380302106614

2834 GloriousHammer the Arsonist (level 9, -1/48 HPs)
             Began as a Tengu Fire Elementalist on July 16, 2023.
             Was an Initiate of Sif Muna.
             Killed from afar by a manticore (17 damage)
             ... with a volley of spikes
             ... on level 8 of the Dungeon on July 20, 2023.
             The game lasted 00:25:50 (11242 turns).

GloriousHammer the Arsonist (TeFE)                 Turns: 11242, Time: 00:25:50

Health: -1/48      AC:  3    Str:  8    XL:     9   Next: 73%
Magic:  25/26      EV: 20    Int: 19    God:    Sif Muna [......]
Gold:   513        SH:  5    Dex: 16    Spells: 7/18 levels left

rFire   . . .        c - +4 dagger (freeze)
rCold   . . .        n - +0 buckler
rNeg    . . .        a - +0 robe
rPois   .            (helmet restricted)
rElec   .            (no cloak)
rCorr   .            d - +0 pair of gloves
SInv    .            (boots unavailable)
Will    .....        G - amulet of magic regeneration
Stlth   ++           M - ring of magical power
HPRegen 0.28/turn    E - +5 ring of evasion
MPRegen 0.60/turn

%: no passive effects
@: spiked, flying quickly and evasively, quick
A: beak, talons 3, nimble flight
a: Renounce Religion


You were on level 8 of the Dungeon.
You worshipped Sif Muna.
Sif Muna was noncommittal.
You visited 2 branches of the dungeon, and saw 9 of its levels.
You also visited: Ossuary.

You collected 513 gold pieces.

Inventory:

Hand Weapons
 c - a +4 dagger of freezing (weapon)
 e - a +2 short sword of speed
 y - the +2 dagger of the Caustic God {flame, Dex+2}
   (You found it on level 4 of the Dungeon)

   Dex:       It affects your dexterity (+2).
 J - a +0 orcbow
 P - a +5 falchion of freezing
Missiles
 q - 22 poisoned darts
Armour
 a - a +0 robe (worn)
 d - a +0 pair of gloves (worn)
 n - a +0 buckler (worn)
Jewellery
 C - a ring of protection from cold
 D - a +6 ring of dexterity
 E - a +5 ring of evasion (right hand)
 G - an amulet of magic regeneration (around neck)
 M - a ring of magical power (left hand)
 Z - a ring of wizardry
Wands
 L - a wand of mindburst (14)
 N - a wand of charming (10)
Scrolls
 i - 7 scrolls of teleportation
 k - 2 scrolls of enchant armour
 m - a scroll of silence {unknown}
 p - a scroll of brand weapon {unknown}
 r - 2 scrolls of fog {unknown}
 s - 4 scrolls of amnesia
 t - a scroll of immolation {unknown}
 v - a scroll of poison {unknown}
 w - a scroll of torment {unknown}
 B - a scroll of enchant weapon {unknown}
 F - a scroll of revelation {unknown}
 K - a scroll of blinking {unknown}
 O - a scroll of vulnerability {unknown}
Potions
 b - a potion of magic
 f - 3 potions of invisibility
 g - 4 potions of curing
 j - 3 potions of enlightenment {unknown}
 l - a potion of heal wounds {unknown}
 o - 3 potions of brilliance
 u - 2 potions of mutation
 x - a potion of haste {unknown}
 z - a potion of attraction {unknown}
 A - 2 potions of might {unknown}
 H - a potion of ambrosia {unknown}


   Skills:
 + Level 2.1 Fighting
 + Level 3.4 Dodging
 + Level 3.2 Stealth
 - Level 4.0 Shields
 + Level 5.2 Spellcasting
 - Level 6.1 Conjurations
 + Level 2.6 Hexes
 + Level 3.3 Translocations
 - Level 8.1 Fire Magic
 + Level 1.8 Invocations


You had 7 spell levels left.
You knew the following spells:

 Your Spells              Type           Power      Damage    Failure   Level
a - Foxfire               Conj/Fire      100%       2x1d9     1%          1
b - Scorch                Fire           72%        2d8       1%          2
c - Inner Flame           Hex/Fire       25%        N/A       6%          3
d - Volatile Blastmotes   Fire/Tloc      52%        2d14      5%          3
e - Blink                 Tloc           34%        N/A       7%          2

Your spell library contained the following spells:

 Spells                   Type           Power      Damage    Failure   Level
 Momentum Strike          Conj/Tloc      44%        3d9       4%          2
 Slow                     Hex            60%        N/A       6%          1
 Lesser Beckoning         Tloc           34%        N/A       7%          2
 Flame Wave               Conj/Fire      32%        2d9       10%         4
 Confusing Touch          Hex            15%        N/A       19%         3
 Sublimation of Blood     Necr           4%         N/A       28%         2
 Wereblood                Tmut           4%         N/A       28%         2
 Manifold Assault         Tloc           17%        N/A       43%         4
 Vampiric Draining        Necr           4%         2d6       50%         3
 Irradiate                Conj/Tmut      8%         3d14      82%         5
 Conjure Ball Lightning   Conj/Air       8%         3x3d6     100%        6
 Summon Hydra             Summ           2%         N/A       100%        7
 Discord                  Hex            7%         N/A       100%        8
 Disjunction              Tloc           8%         N/A       100%        8


Dungeon Overview and Level Annotations

Branches:
Dungeon (8/15)             Temple (1/1) D:7         Ossuary (visited)
   Lair: D:8-11

Altars:
Dithmenos
Elyvilon
Fedhas
Gozag
Hepliaklqana
Kikubaaqudgha
Makhleb
Nemelex Xobeh
Okawaru
Qazlal
Ru
Sif Muna
Trog
Vehumet
Wu Jian
Xom
Yredelemnul
Zin
The Shining One

Shops:
D:1 [   D:5 *

Annotations:
D:3 Grinder
D:7 exclusion: 2 downstairs
D:8 exclusion: ugly thing


Innate Abilities, Weirdness & Mutations

You have a beak for a mouth.
You have claws for feet.
Your magical nature lets you fly swiftly and evasively.


Message History

Casting: Foxfire (safe; 1% risk of failure)
Confirm with . or Enter, or press ? or * to list all spells.
You can't see any susceptible monsters within range! (Use Z to cast anyway.)
Casting: Foxfire (safe; 1% risk of failure)
Confirm with . or Enter, or press ? or * to list all spells.
Flames lash the wight but do no damage.
Casting: Scorch (safe; 1% risk of failure)
Confirm with . or Enter, or press ? or * to list all spells.
Flames lash the wight.
The wight is moderately damaged.
The wight's fire resistance burns away.
Casting: Scorch (safe; 1% risk of failure)
Confirm with . or Enter, or press ? or * to list all spells.
You conjure some foxfire!
The wight barely misses you.
Casting: Foxfire (safe; 1% risk of failure)
Confirm with . or Enter, or press ? or * to list all spells.
You conjure some foxfire!
The foxfire hits the wight but does no damage.
The wight is moderately damaged.
The foxfire hits the wight!
The wight is burned terribly!
The wight is almost destroyed.
The wight hits you with a +4 dagger of freezing.
You feel drained. The wight freezes you.
Casting: Foxfire (safe; 1% risk of failure)
Confirm with . or Enter, or press ? or * to list all spells.
You conjure some foxfire!
The wight is no longer more vulnerable to fire.
The foxfire hits the wight.
You destroy the wight!
Sif Muna accepts your kill.
Your life force feels restored.
Your foxfire dissipates!
You start resting.
Your foxfire dissipates!
You start resting.
Your foxfire dissipates!
You start resting.
Magic restored.
Things that are here:
a +4 dagger of freezing; a +0 robe
c - a +4 dagger of freezing Your +4 dagger of freezing glows with a cold blue light!
c - a +4 dagger of freezing (weapon)
A cyan ugly thing comes into view.
Press: ? - help, . - travel You can't see that place. [the floor.] Placed new exclusion.
A wight comes into view. It is wielding a +3 great sword.
Unknown command.
You see here a +0 robe.
You see here a +0 flail.
Items here: ))) [[.
There is a stone staircase leading up here.
Casting: Foxfire (safe; 1% risk of failure)
Confirm with . or Enter, or press ? or * to list all spells.
Aiming: Inner Flame (dangerous; 6% risk of failure)
Press: ? - help, Dir - move target, f - manticore
Aim: a manticore (chance to affect: 66%)
Okay, then.
Casting: Inner Flame (dangerous; 6% risk of failure)
Confirm with . or Enter, or press ? or * to list all spells.
Aiming: Inner Flame (dangerous; 6% risk of failure)
Press: ? - help, Dir - move target, f - manticore
Aim: a manticore (chance to affect: 66%)
The manticore is filled with an inner flame.
The manticore flicks its tail.
The volley of spikes misses you.
Casting: Inner Flame (dangerous; 6% risk of failure)
Confirm with . or Enter, or press ? or * to list all spells.
A cloud of volatile blastmotes flares up around you!
The manticore flicks its tail.
The volley of spikes hits you!
The barbed spikes become lodged in your body.
The barbs in your skin will harm you if you move.
Continue?
The barbed spikes dig painfully into your body as you move.
The barbed spikes dig painfully into your body as you move.
The barbed spikes dig painfully into your body as you move.
The barbed spikes dig painfully into your body as you move.
The cloud of blastmotes explodes!
The concussive blast engulfs the manticore!
Flame seeps out of the manticore.
The manticore is lightly wounded.
The barbed spikes dig painfully into your body as you move.
The barbed spikes dig painfully into your body as you move.
* * * LOW HITPOINT WARNING * * *
You carefully extract the barbed spikes from your body.
Casting: Volatile Blastmotes (dangerous; 5% risk of failure)
Confirm with . or Enter, or press ? or * to list all spells.
Flames lash the manticore.
Flame seeps out of the manticore.
The manticore is moderately wounded.
The manticore's fire resistance burns away.
The manticore is engulfed in blazing flames.
Flame seeps out of the manticore.
The manticore flicks its tail.
The volley of spikes misses you.
The manticore flicks its tail.
The volley of spikes hits you!
The barbed spikes become lodged in your body.
You die...

###### .....# .....#
### .....# #.#
.....##### #####.#
......>..########...H.#
...........).[.<@.###.#
.. .......[.##########
#.#####...# .........#
#.#....H.# .........#
#.H.####... .........#
#.......# .........#
#..##..### .........# #
....# .........# ..##.#
..######## ..## #..


You could see a manticore (inner flame, combustible).

Vanquished Creatures
  A wraith (Ossuary)
  2 water moccasins
  4 orc warriors
  2 sky beasts
  2 black bears
  2 ice beasts (D:5)
  2 ogres (D:6)
  A kobold brigand (D:7)
  2 bullfrogs
  2 scorpions (D:5)
  7 wights
  A jelly (D:5)
  An orc priest (D:7)
  6 hounds
  A sleepcap (D:4)
  2 iguanas
  2 orc wizards (D:7)
  A mummy (Ossuary)
  10 gnolls
  3 adders
  A shadow imp (D:5)
  4 white imps
  2 ufetubi
  4 worms
  2 dart slugs
  24 orcs
  6 endoplasms
  5 giant cockroaches
  4 hobgoblins
  6 jackals
  11 kobolds
  4 quokkas
  7 ball pythons
  2 bats
  A frilled lizard (D:2)
  6 gnoll skeletons (Ossuary)
  5 goblins
  A hobgoblin zombie (D:3)
  4 kobold skeletons (Ossuary)
  2 kobold zombies (D:3)
  19 orc skeletons
  3 rats (D:1)
177 creatures vanquished.

Vanquished Creatures (others)
  529 foxfires
529 creatures vanquished.

Grand Total: 706 creatures vanquished

Notes
Turn   | Place    | Note
-------+----------+-------------------------------------------
     0 | D:1      | GloriousHammer the Tengu Fire Elementalist began the quest
                  | for the Orb.
     0 | D:1      | Reached XP level 1. HP: 10/10 MP: 4/4
    75 | D:1      | Upgraded the game from 0.31-a0-303-gdc8c9485ea to
                  | 0.31-a0-331-geda263fcf1
   430 | D:1      | Found Aqoinoi's Antique Armour Emporium.
   459 | D:1      | Reached XP level 2. HP: 15/15 MP: 6/6
   587 | D:1      | Learned a level 2 spell: Scorch
  1018 | D:2      | Reached skill level 4 in Fire Magic
  1018 | D:2      | Reached XP level 3. HP: 19/19 MP: 7/7
  1051 | D:2      | Learned a level 3 spell: Inner Flame
  1287 | D:2      | Reached XP level 4. HP: 24/24 MP: 8/8
  3125 | D:3      | Found a glowing golden altar of the Shining One.
  3522 | D:3      | Gained mutation: Your magical nature lets you fly swiftly
                  | and evasively. [Tengu growth]
  3522 | D:3      | Reached XP level 5. HP: 28/28 MP: 10/10
  3561 | D:3      | Noticed Grinder
  4410 | D:4      | Identified the +2 dagger of the Caustic God {flame, Dex+2}
  4549 | D:4      | Reached skill level 5 in Fire Magic
  4769 | D:4      | Reached skill level 1 in Shields
  4769 | D:4      | Reached skill level 1 in Hexes
  4890 | D:4      | Reached XP level 6. HP: 32/32 MP: 11/11
  5103 | D:5      | Entered Level 5 of the Dungeon
  5175 | D:5      | Found a sand-covered staircase.
  5195 | Ossuary  | Entered an ossuary
  5195 | Ossuary  | Noticed a wraith
  5195 | Ossuary  | Noticed a wraith
  5195 | Ossuary  | Noticed a wraith
  5426 | Ossuary  | Noticed a wraith
  5473 | Ossuary  | Killed a wraith
  5625 | Ossuary  | Reached XP level 7. HP: 36/36 MP: 13/13
  6154 | D:5      | Learned a level 3 spell: Volatile Blastmotes
  6157 | D:5      | Learned a level 2 spell: Blink
  6171 | D:5      | Found an opulent altar of Gozag.
  6171 | D:5      | Found Gozag's Platinum Reserve.
  6256 | D:5      | Reached skill level 6 in Fire Magic
  6331 | D:5      | Found a shadowy altar of Dithmenos.
  6636 | D:5      | Reached skill level 1 in Translocations
  6787 | D:5      | Reached XP level 8. HP: 10/41 MP: 14/14
  7087 | D:5      | Reached skill level 5 in Conjurations
  7190 | D:6      | Reached skill level 7 in Fire Magic
  8581 | D:6      | Found a bloodstained altar of Trog.
  9422 | D:6      | Reached skill level 8 in Fire Magic
  9422 | D:6      | Reached XP level 9. HP: 45/45 MP: 16/16
  9753 | D:7      | Found a shimmering altar of Xom.
  9813 | D:7      | Found a staircase to the Ecumenical Temple.
  9825 | Temple   | Entered the Ecumenical Temple
  9839 | Temple   | Became a worshipper of Sif Muna the Loreminder
 10136 | D:7      | Reached skill level 1 in Fighting
 10170 | D:7      | Found a sacrificial altar of Ru.
 10212 | D:7      | Reached skill level 1 in Invocations
 10368 | D:7      | Reached skill level 5 in Spellcasting
 10625 | D:8      | Noticed a manticore
 10707 | D:7      | Upgraded the game from 0.31-a0-331-geda263fcf1 to
                  | 0.31-a0-339-gda1cbd555d
 11156 | D:8      | Noticed a cyan ugly thing
 11242 | D:8      | Killed from afar by a manticore

Illustrated notes

Levels and vault maps discovered:
D:1:      kilobyte_arrival_exit_the_forest, layout_basic, serial_shops, shop,
          minmay_pentomino_t4
D:2:      layout_basic, grunt_ministairs_12, kennysheep_generic_room_5
D:3:      layout_basic, nicolae_tso_besieged_by_evil,
          dreamdust_princess_corridor, uniq_grinder
D:4:      layout_basic
D:5:      layout_gridville, grunt_dithmenos_smoke,
          nicolae_gozag_zags_fifth_avenue, enter_ossuary_5
D:6:      layout_layer_cave, trog_antimagical
D:7:      layout_cave_pools, kennysheep_mini_moat, nicolae_ru_awakened_eye,
          minmay_temple_entry_hall
D:8:      layout_rooms, mainiacjoe_overflow_six_doors_small
Temple:   cyrus_circular_temple

Skill      XL: |  1  2  3  4  5  6  7  8  9 |
---------------+----------------------------+-----
Conjurations   | 2 3 4 6 |  6.1
Fire Magic     | 4 5 6 8 |  8.1
Shields        | 1 2 3 4 |  4.0
Spellcasting   | 3 4 5 |  5.2
Hexes          | 1 2 |  2.6
Translocations | 1 2 3 |  3.3
Fighting       | 2 |  2.1
Invocations    | 1 |  1.8
Dodging        | 3 |  3.4
Stealth        | 3 |  3.2

Action                     |  1- 3 |  4- 6 |  7- 9 || total
---------------------------+-------+-------+-------++-------
  Melee: Short sword       |     2 |     2 |     2 ||     6
         Kick              |     1 |       |       ||     1
         Peck              |       |     1 |     1 ||     2
   Cast: Foxfire           |    57 |    75 |   187 ||   319
         Scorch            |       |    59 |    51 ||   110
         Inner Flame       |       |     1 |     7 ||     8
         Volatile Blastmot |       |       |    13 ||    13
    Use: Scroll            |       |     7 |     2 ||     9
         Potion            |       |       |     1 ||     1
 Armour: Robe              |     1 |     9 |     5 ||    15
  Dodge: Dodged            |     8 |    34 |    49 ||    91
  Block: Buckler           |       |     8 |    15 ||    23

Table legend: (Time is in decaauts)
 A = Elapsed time spent in this place.
 B = Non-inter-level travel time spent in this place.
 C = Inter-level travel time spent in this place.
 D = Time resting spent in this place.
 E = Time spent auto-exploring this place.
 F = Levels seen in this place.
 G = Mean time per level.
                   A        B        C        D        E       F      G
               +--------+--------+--------+--------+--------+-----+--------+
         Total |  10842 |  10406 |    436 |   3585 |   5155 |  10 | 1084.2 |
       Dungeon |   9876 |   9451 |    425 |   2927 |   5111 |   8 | 1234.5 |
        Temple |     26 |     15 |     11 |      0 |      0 |   1 |   26.0 |
       Ossuary |    939 |    939 |      0 |    658 |     44 |   1 |  939.0 |
               +--------+--------+--------+--------+--------+-----+--------+

Top non-repeatable levels by time:
     D:6: 1859 daAuts
     D:2: 1772 daAuts
     D:5: 1584 daAuts
     D:3: 1475 daAuts
     D:7: 1276 daAuts
     D:1: 997 daAuts
 Ossuary: 939 daAuts
     D:4: 740 daAuts
     D:8: 170 daAuts
  Temple: 26 daAuts
